 Dungeon Crawl Stone Soup version 0.32-a0-711-g016ad743e0 (webtiles) character file.

Game seed: 14306616995292362821

272 Newt the Skirmisher (level 6, -4/39 HPs)
             Began as a Kobold Hunter on Mar 15, 2024.
             Slain by Edmund
             ... wielding a +1 heavy flail
              (17 damage)
             ... on level 4 of the Dungeon.
             The game lasted 00:02:21 (3218 turns).

Newt the Skirmisher (Kobold Hunter)                 Turns: 3218, Time: 00:02:22

Health: -4/39      AC: 10    Str: 10    XL:     6   Next: 48%
Magic:  6/6        EV: 14    Int: 11    God:
Gold:   105        SH:  5    Dex: 25    Spells: 5/5 levels left

rFire   . . .        a - +0 shortbow
rCold   . . .        (shield currently unavailable)
rNeg    + + +        k - +2 leather armour of Eternal Vigilance {^Contam rPois SInv}
rPois   +            t - +0 helmet
rElec   .            (no cloak)
rCorr   +            (no gloves)
SInv    +            (no boots)
Will    .....        i - amulet of Tifimn {Reflect rN+++ rCorr Str-5 Dex+2 SH+5}
Stlth   +++          d - ring of Suspicion {*Corrode AC+4 Str+7 Dex+3}
HPRegen 0.26/turn    (no ring)
MPRegen 0.10/turn

%: corrode self (3%), reflection
@: no status effects
A: small, no large weapons, nightstalker 3
a: no special abilities


You were on level 4 of the Dungeon.
You visited 1 branch of the dungeon, and saw 4 of its levels.

You collected 105 gold pieces.

Inventory:

Hand Weapons
 a - a +0 shortbow (weapon)
Armour
 c - a +0 leather armour
 k - the +2 leather armour of Eternal Vigilance (worn) {^Contam rPois SInv}
   (You found it on level 2 of the Dungeon)

   rPois:     It protects you from poison.
   SInv:      It lets you see invisible.
   ^Contam:   It causes magical contamination when unequipped.
 r - a +0 chain mail of fire resistance
 t - a +0 helmet (worn)
Jewellery
 d - the ring of Suspicion (left hand) {*Corrode AC+4 Str+7 Dex+3}
   (You acquired it on level 3 of the Dungeon)

   [ring of protection]

   AC+4:      It affects your AC (+4).
   Str+7:     It affects your strength (+7).
   Dex+3:     It affects your dexterity (+3).
   *Corrode:  It may corrode you when you take damage.
 e - a ring of ice
 i - the amulet of Tifimn (around neck) {Reflect rN+++ rCorr Str-5 Dex+2 SH+5}
   (You found it on level 3 of the Dungeon)

   [amulet of reflection]

   Reflect:   It reflects blocked missile attacks.
   Str-5:     It affects your strength (-5).
   Dex+2:     It affects your dexterity (+2).
   rN+++:     It renders you almost immune to negative energy.
   rCorr:     It protects you from acid and corrosion.
   SH+5:      It affects your SH (+5).
Talismans
 n - a beast talisman
Scrolls
 b - a scroll of butterflies
 f - 3 scrolls of teleportation
 g - 2 scrolls of amnesia
 j - 2 scrolls of enchant armour {unknown}
 l - 3 scrolls of identify {unknown}
 o - 2 scrolls of poison {unknown}
 q - a scroll of blinking
 u - a scroll of immolation {unknown}
Potions
 h - 2 potions of cancellation {unknown}
 m - a potion of brilliance {unknown}
 p - a potion of degeneration {unknown}
 s - 2 potions of lignification {unknown}
 v - a potion of curing
 w - a potion of attraction {unknown}


   Skills:
 + Level 4.3 Fighting
 * Level 8.4 Ranged Weapons
 - Level 2.4 Dodging
 - Level 1.3 Stealth


You had 5 spell levels left.
You didn't know any spells.
Your spell library contained the following spells:

 Spells                   Type           Power      Damage    Failure   Level
 Apportation              Tloc           0%         N/A       43%         1
 Ensorcelled Hibernation  Hex/Ice        0%         N/A       58%         2
 Jinxbite                 Hex            0%         N/A       58%         2
 Fugue of the Fallen      Necr           0%         N/A       82%         3
 Anguish                  Hex/Necr       0%         N/A       99%         4
 Alistair's Intoxication  Alch           0%         N/A       100%        5


Dungeon Overview and Level Annotations

Branches:
Dungeon (4/15)
 Temple: D:4-7

Altars:
Elyvilon
Trog
Xom

Shops:
D:2 [

Annotations:
D:4 Edmund


Innate Abilities, Weirdness & Mutations

You are small and have problems with some larger weapons.
You are completely attuned to the shadows.


Message History

You open the door.
Edmund the Younger comes into view.
He is wielding a +1 heavy flail.
Edmund is nearby!
Edmund is nearby!
You shoot an arrow.
The arrow hits Edmund but does no damage.
You shoot an arrow.
The arrow hits Edmund but does no damage.
You shoot an arrow. The arrow hits Edmund!
Edmund is lightly wounded.
Edmund barely misses you.
You shoot an arrow.
The arrow hits Edmund but does no damage.
Edmund is lightly wounded.
Edmund hits you but does no damage.
You shoot an arrow.
The arrow hits Edmund but does no damage.
Edmund is lightly wounded.
You shoot an arrow.
The arrow hits Edmund but does no damage.
Edmund is lightly wounded.
Edmund hits you with a +1 heavy flail!
You shoot an arrow. The arrow barely misses Edmund.
Edmund closely misses you.
You shoot an arrow. The arrow hits Edmund.
Edmund is moderately wounded.
You shoot an arrow. The arrow hits Edmund.
Edmund is moderately wounded.
Edmund closely misses you.
You shoot an arrow. The arrow closely misses Edmund.
Edmund hits you with a +1 heavy flail!
You shoot an arrow. The arrow hits Edmund.
Edmund is moderately wounded.
You shoot an arrow. The arrow barely misses Edmund.
Edmund hits you with a +1 heavy flail!
You are too injured to fight recklessly!
You shoot an arrow. The arrow hits Edmund!
Edmund is heavily wounded.
Edmund hits you with a +1 heavy flail!
You die...
Edmund says, "I'd like to see a scythe do that!"

###### #....#
#....# #....#
#########....#
#.......#....#
#.......#....#
#.......#...@#
#.......'....@...
#.......#<)..####
#..)....######
####.......#
#......###.#
#......'...#
##......##########
.......).........#


You could see Edmund.

Vanquished Creatures
  An ogre (D:4)
  A scorpion (D:2)
  6 adders
  5 dart slugs
  3 ribbon worms
  3 bats
  4 endoplasms
  5 giant cockroaches
  6 goblins
  4 hobgoblins
  2 jackals (D:1)
  5 kobolds
  3 quokkas
  2 ball pythons (D:1)
  5 frilled lizards
55 creatures vanquished.

Vanquished Creatures (others)
  A butterfly (D:3)
1 creature vanquished.

Grand Total: 56 creatures vanquished

Notes
Turn   | Place    | Note
-------+----------+-------------------------------------------
     0 | D:1      | Newt the Kobold Hunter began the quest for the Orb.
     0 | D:1      | Reached XP level 1. HP: 12/12 MP: 1/1
   177 | D:1      | Reached XP level 2. HP: 18/18 MP: 2/2
   177 | D:1      | Found a faded altar of an unknown god.
   807 | D:1      | Reached skill level 6 in Ranged Weapons
   908 | D:1      | Reached XP level 3. HP: 22/22 MP: 3/3
  1213 | D:2      | Noticed a scorpion
  1220 | D:2      | HP: 1/23 [scorpion (5)]
  1222 | D:2      | Killed a scorpion
  1223 | D:2      | Reached skill level 7 in Ranged Weapons
  1223 | D:2      | Reached XP level 4. HP: 13/28 MP: 4/4
  1223 | D:2      | Reached XP level 5. HP: 15/32 MP: 5/5
  1326 | D:2      | Found a shimmering altar of Xom.
  1604 | D:2      | Identified the +2 leather armour of Eternal Vigilance
                  | {^Contam rPois SInv}
  1865 | D:2      | Found Cufit's Antique Armour Boutique.
  2040 | D:3      | Identified a scroll of acquirement
  2040 | D:3      | Acquired the ring of Suspicion {*Corrode AC+4 Str+7 Dex+3}
  2153 | D:3      | Found a bloodstained altar of Trog.
  2435 | D:3      | Found a white marble altar of Elyvilon.
  2539 | D:3      | Identified the amulet of Tifimn {Reflect rN+++ rCorr Str-5
                  | Dex+2 SH+5}
  2837 | D:4      | Noticed an ogre
  2844 | D:4      | Killed an ogre
  2845 | D:4      | Reached skill level 8 in Ranged Weapons
  2845 | D:4      | Reached XP level 6. HP: 23/38 MP: 6/6
  3205 | D:4      | Noticed Edmund
  3218 | D:4      | Slain by Edmund

Illustrated notes

Levels and vault maps discovered:
D:1:      sevenhm_arrival_forest_fort_large_4, layout_basic,
          shapermc_ecumenical_altar_pompeii, minmay_misc_feat_four_crosses,
          chequers_serial_rivers_small_3
D:2:      layout_basic, serial_shops, shop, basic_altar, roderic_lattice_a,
          minmay_split_cup_large
D:3:      layout_loops_ring, nicolae_elyvilon_peaceful_grove,
          lemuel_doored_altar, grunt_decor_cap, minmay_liquid_box
D:4:      layout_basic, uniq_edmund, uniq_menkaure

Skill      XL: |  1  2  3  4  5 |
---------------+----------------+-----
Ranged Weapons | 6 7 8 |  8.4
Fighting       | 3 4 |  4.3
Dodging        | |  2.4
Stealth        | |  1.3

Action                     |  1- 3 |  4- 6 || total
---------------------------+-------+-------++-------
   Fire: Shortbow          |    66 |    94 ||   160
    Use: Scroll            |     2 |     6 ||     8
         Potion            |     1 |       ||     1
 Armour: Leather armour    |    18 |    15 ||    33
  Dodge: Dodged            |    15 |    18 ||    33
  Block: Other             |       |     1 ||     1

Table legend: (Time is in decaauts)
 A = Elapsed time spent in this place.
 B = Non-inter-level travel time spent in this place.
 C = Inter-level travel time spent in this place.
 D = Time resting spent in this place.
 E = Time spent auto-exploring this place.
 F = Levels seen in this place.
 G = Mean time per level.
                   A        B        C        D        E       F      G
               +--------+--------+--------+--------+--------+-----+--------+
         Total |   3235 |   3149 |     86 |      0 |   2808 |   4 |  808.8 |
       Dungeon |   3235 |   3149 |     86 |      0 |   2808 |   4 |  808.8 |
               +--------+--------+--------+--------+--------+-----+--------+

Top non-repeatable levels by time:
     D:2: 1011 daAuts
     D:1: 958 daAuts
     D:3: 883 daAuts
     D:4: 381 daAuts
